AoeStats
← 种过两年田

Arabia

506001610Analyzed
1v1 RM · 19d ago on Sep 12, 2026· 27m 4s· 2 players
Game mode
Random Map
Map size
Tiny (2 player)
Population
200
Speed
Normal
Resources
Standard
Victory
Conquest
Starting age
Dark Age
Ending age
Imperial Age
RankedLock teamsTeams togetherTeam positionsShared explorationLock speedFull tech treeHidden civsTurbo modeCheats
Victory
Defeat
🇨🇳 Vietnamese · China
588
+18
🇺🇾 Vietnamese · Uruguay
638
-18
jmanuelgiriboni
1:58 Loom
10:44 Feudal Age
14:58 Fletching
15:29 Town Watch
16:46 Forging
19:03 Wheelbarrow
23:27 Castle Age
24:21 Pikeman
26:34 Iron Casting
种过两年田
9:22 Loom
11:32 Feudal Age
19:34 Castle Age
19:12 Double-Bit Axe
19:09 Horse Collar
25:43 Town Watch
Connection lost

Rejoining the realm…

Still unreachable

The connection could not be restored.

Session expired

The server has moved on; the page needs a fresh start.